 Dungeon Crawl Stone Soup version 0.24-a0-699-g5a66b1aa3b (webtiles) character file.

Game seed: 6201392210150960619, levelgen mode: deterministic

1269 Gargoyl the Chopper (level 8, -1/66 HPs)
             Began as a Centaur Abyssal Knight on Sept 29, 2019.
             Was a Priest of Lugonu.
             Killed from afar by a gargoyle (22 damage)
             ... with a stone arrow
             ... on level 6 of the Dungeon.
             The game lasted 00:05:25 (3670 turns).

Gargoyl the Chopper (Centaur Abyssal Knight)        Turns: 3670, Time: 00:05:25

Health: -1/66      AC: 11    Str: 15    XL:     8   Next: 28%
Magic:  11/11      EV:  8    Int: 11    God:    Lugonu [***...]
Gold:   203        SH:  4    Dex: 11    Spells: 7/7 levels left

rFire    . . .     SeeInvis +   k - +2 war axe (chop)
rCold    . . .     Gourm    +   q - +1 buckler
rNeg     . . .     Faith    .   f - +0 chain mail
rPois    +         Spirit   .   t - +2 helmet
rElec    .         Reflect  .   (no cloak)
rCorr    .         Harm     .   (no gloves)
MR       .....                  (no barding)
Stlth    ..........             d - amulet of the gourmand
HPRegen  0.21/turn              g - +4 ring of slaying
MPRegen  0.12/turn              j - +4 ring of evasion

@: very quick
A: large, hooves 3, see invisible, deformed body, speed 2, poison resistance,
tough skin 3, evolution 1
a: Depart the Abyss, Bend Space, Banish, Renounce Religion


You were on level 6 of the Dungeon.
You worshipped Lugonu.
Lugonu was most pleased with you.
You were not hungry.

You visited 1 branch of the dungeon, and saw 6 of its levels.
You visited the Abyss 1 time.

You collected 203 gold pieces.

Inventory:

Hand Weapons
 a - a +2 hand axe
 k - a +2 war axe of chopping (weapon)
Missiles
 n - 4 boomerangs (quivered)
Armour
 f - a +0 chain mail (worn)
 q - a +1 buckler (worn)
 t - a +2 helmet (worn)
Jewellery
 d - an amulet of the gourmand (around neck)
 g - a +4 ring of slaying (left hand)
 j - a +4 ring of evasion (right hand)
Scrolls
 h - a scroll of identify
 o - 4 scrolls of teleportation
Potions
 b - a potion of flight
 e - a potion of haste
 i - a potion of curing
 m - a potion of agility {unknown}
 p - a potion of magic {unknown}
 s - a potion of berserk rage {unknown}
Comestibles
 c - 5 rations


   Skills:
 + Level 4.3 Fighting
 + Level 5.7 Axes
 * Level 3.6 Armour
 * Level 2.7 Dodging
 + Level 0.5 Shields
 * Level 4.9 Invocations


You had 7 spell levels left.
You didn't know any spells.
Your spell library was empty.

Dungeon Overview and Level Annotations

Branches:
Dungeon (7/15)
 Temple: D:4-7

Altars:
Fedhas
Gozag
Hepliaklqana
Kikubaaqudgha
Okawaru


Innate Abilities, Weirdness & Mutations

You have hooves in place of feet.
Armour fits poorly on your strangely shaped body.
You cover ground very quickly.
You have extremely tough skin. (AC +3)
You have supernaturally acute eyesight. (SInv)
Your system is resistant to poisons. (rPois)
You evolve.


Message History

The gargoyle hits you but does no damage.
You hit the gargoyle.
The gargoyle is lightly damaged.
The gargoyle hurls a stone arrow at you.
The stone arrow hits you!
You closely miss the gargoyle.
The gargoyle is lightly damaged.
The gargoyle hurls a stone arrow at you.
The stone arrow misses you.
You hit the gargoyle.
The gargoyle is moderately damaged.
The gargoyle barely misses you.
You slash the gargoyle!
The gargoyle is heavily damaged.
The gargoyle barely misses you.
You barely miss the gargoyle. Your kick misses the gargoyle.
The gargoyle is heavily damaged.
The gargoyle hurls a stone arrow at you.
The stone arrow hits you!!
You die...

###############
...9'........8#
....#.........#
l...#..l......#
....#8........#
##########'#########
#....#...>#
#....#....#
#....#.@..#
#....'9...# .
########### ..


You could see a gargoyle.

Vanquished Creatures
  A hungry ghost (D:7)
  3 phantoms
  A centaur (D:6)
  3 ogres
  A big kobold (D:6)
  A howler monkey (D:7)
  A killer bee (D:6)
  A crimson imp (D:6)
  A bullfrog zombie (D:7)
  2 orc wizards (D:4)
  Terence (D:2)
  2 iguanas
  A worker ant (D:4)
  A hound skeleton (D:4)
  Robin (D:2)
  An adder (D:3)
  An ooze (D:4)
  An adder zombie (D:6)
  An adder skeleton (D:4)
  6 worms
  A dart slug (D:2)
  4 leopard geckos
  7 orcs (D:4)
  4 giant cockroaches
  14 goblins
  11 hobgoblins
  7 jackals (D:1)
  3 quokkas
  6 bats
  14 frilled lizards
  A jackal zombie (D:6)
  3 kobolds
  5 rats
111 creatures vanquished.

Vanquished Creatures (others)
  A quokka (D:6)
1 creature vanquished.

Grand Total: 112 creatures vanquished

Notes
Turn   | Place    | Note
-------+----------+-------------------------------------------
     0 | Abyss:1  | Gargoyl the Centaur Abyssal Knight began the quest for the
                  | Orb.
     0 | Abyss:1  | Reached XP level 1. HP: 19/19 MP: 2/2
    82 | Abyss:2  | Noticed a neqoxec
    83 | Abyss:2  | Noticed a crimson imp
    83 | D:1      | Escaped the Abyss
   240 | D:1      | Reached XP level 2. HP: 21/26 MP: 3/3
   461 | D:1      | Reached * piety under Lugonu
   579 | D:1      | Reached skill level 2 in Axes
   599 | D:1      | Reached skill level 1 in Dodging
   790 | D:1      | Reached XP level 3. HP: 30/31 MP: 4/4
  1147 | D:2      | Noticed Terence
  1164 | D:2      | Killed Terence
  1167 | D:2      | Reached XP level 4. HP: 36/38 MP: 5/5
  1185 | D:2      | Noticed Robin
  1193 | D:2      | Killed Robin
  1416 | D:2      | Reached ** piety under Lugonu
  1751 | D:2      | Found an iron altar of Okawaru.
  2209 | D:3      | Found a hazy altar of Hepliaklqana.
  2211 | D:3      | Found an opulent altar of Gozag.
  2248 | D:3      | Found a blossoming altar of Fedhas.
  2280 | D:3      | Reached XP level 5. HP: 29/45 MP: 6/6
  2885 | D:4      | Reached skill level 3 in Axes
  2904 | D:4      | Noticed an ogre
  2908 | D:4      | Killed an ogre
  2908 | D:4      | Reached XP level 6. HP: 51/51 MP: 8/8
  2993 | D:4      | Reached skill level 4 in Axes
  3056 | D:4      | Reached *** piety under Lugonu
  3076 | D:4      | Found an ancient bone altar of Kikubaaqudgha.
  3079 | D:4      | Reached XP level 7. HP: 58/58 MP: 9/9
  3124 | D:4      | You fall into a shaft and drop 3 floors!
  3148 | D:7      | Noticed a hungry ghost
  3162 | D:7      | Killed a hungry ghost
  3247 | D:6      | Reached skill level 5 in Axes
  3484 | D:6      | Reached XP level 8. HP: 42/66 MP: 11/11
  3488 | D:6      | Noticed a gargoyle
  3654 | D:7      | Gained mutation: You evolve. [potion of mutation]
  3654 | D:7      | Gained mutation: Your system is resistant to poisons.
                  | (rPois) [potion of mutation]
  3654 | D:7      | Gained mutation: You have supernaturally acute eyesight.
                  | (SInv) [potion of mutation]
  3670 | D:6      | Killed from afar by a gargoyle

Levels and vault maps discovered:
D:1:      psy_arrival_basics, layout_basic, minmay_lizard_king
D:2:      layout_loops_ring, first_ration, okawaru_metal_pillars_1_2,
          uniq_terence, uniq_robin
D:3:      layout_basic, nicolae_gozag_seed_capital, lemuel_crystal_altar,
          fedhas_altar_3
D:4:      layout_rooms, kiku_gazebo_pond_becter
D:6:      minmay_klotski, layout_loops_ring, elyvilon_altar_4,
          serial_park_tiny_pond, hangedman_decor_push
D:7:      wad_guarded_room, layout_basic, kennysheep_little_box, zin_statuary,
          minmay_temple_entry_overgrown, the_bakery, uniq_joseph, uniq_pikel,
          uniq_harold

Skill      XL: |  1  2  3  4  5  6  7 |
---------------+----------------------+-----
Axes           | 2 3 4 5 |  5.7
Dodging        | 1 2 |  2.7
Armour         | 2 3 |  3.6
Invocations    | 3 4 |  4.9
Fighting       | 4 |  4.3
Shields        | |  0.5

Action                   |  1- 3 |  4- 6 |  7- 9 || total
-------------------------+-------+-------+-------++-------
Melee: Hand axe          |    77 |    84 |       ||   161
       Kick              |    10 |    31 |    14 ||    55
       War axe           |       |    31 |    52 ||    83
Invok: Depart the Abyss  |     1 |       |       ||     1
  Use: Scroll            |       |    12 |     4 ||    16
       Potion            |       |       |     1 ||     1
  Eat: Chunk             |       |     7 |     3 ||    10
Armor: Chain mail        |    50 |    43 |    25 ||   118
Dodge: Dodged            |    30 |    34 |    23 ||    87
Block: Buckler           |     2 |    11 |     9 ||    22

Table legend:
 A = Non-vault XP
 B = Vault XP
 C = Vault XP percentage of total XP
 D = Non-vault monster count
 E = Vault monster count
 F = Vault count percentage of total count
                 A         B        C        D         E       F
            +---------+---------+-------+---------+---------+-------
      Total |    1352 |     462 |  25.5 |      81 |      30 |  27.0
            +---------+---------+-------+---------+---------+-------
        D:1 |      42 |      11 |  20.8 |      26 |       9 |  25.7
        D:2 |      40 |      76 |  65.5 |      18 |      13 |  41.9
        D:3 |      75 |       0 |   0.0 |      11 |       0 |   0.0
        D:4 |     541 |       0 |   0.0 |      20 |       0 |   0.0
        D:6 |     112 |     375 |  77.0 |       1 |       8 |  88.9
        D:7 |     542 |       0 |   0.0 |       5 |       0 |   0.0
            +---------+---------+-------+---------+---------+-------
